 Dungeon Crawl Stone Soup version 0.17-b1-15-g0f5fb43 (webtiles) character file.

5733 Eucla the Fighter (level 10, -10/99 HPs)
             Began as a Gargoyle Berserker on Nov 7, 2015.
             Was a High Priest of Trog.
             Mangled by a large abomination (14 damage)
             ... on level 10 of the Dungeon.
             The game lasted 00:11:24 (7187 turns).

Eucla the Fighter (Gargoyle Berserker)              Turns: 7187, Time: 00:11:24

Health: -10/99     AC: 21    Str: 26    XL:     10   Next: 77%
Magic:  10/10      EV: 11    Int:  8    God:    Trog [*****.]
Gold:   238        SH:  0    Dex: 12    Spells: 0 memorised, 9 levels left

rFire  . . .     SeeInvis .     Q - +2 hand axe (elec)
rCold  . . .     Clarity  .     s - +0 chain mail
rNeg   + . .     SustAt   .     (no shield)
rPois  ∞         Gourm    .     (no helmet)
rElec  +         Spirit   .     G - +0 cloak (curse)
rCorr  .         Warding  .     I - +0 pair of gloves
rMut   .         Stasis   .     (no boots)
MR     .....                    q - amulet of rage
Stlth  ..........               (no ring)
                                (no ring)

@: berserking, very slightly contaminated, very quick, not resistant to hostile
enchantments, extremely unstealthy
A: negative energy resistance 1, electricity resistance, unbreathing,
petrification resistance, rot immunity, AC +7
a: Berserk, Trog's Hand, Brothers in Arms, Burn Spellbooks, Renounce Religion,
Evoke Berserk Rage


You were on level 10 of the Dungeon.
You worshipped Trog.
Trog was extremely pleased with you.
You were very full.

You visited 1 branch of the dungeon, and saw 10 of its levels.

You collected 483 gold pieces.
You spent 245 gold pieces at shops.

Inventory:

Hand Weapons
 a - a +0 hand axe
 r - a +0 war axe
 Q - a +2 hand axe of electrocution (weapon)
 V - the +6 lajatang of the Forest {vamp, +Fly rC+, unknown}
   (You found it on level 8 of the Dungeon)

   It inflicts no extra harm, but heals its wielder somewhat when it strikes a
   living foe.
   It protects you from cold.
   It lets you fly.
Armour
 b - a +0 animal skin
 e - a +0 leather armour
 s - a +0 chain mail (worn)
 u - a +0 pair of gloves
 G - a cursed +0 cloak (worn)
 I - a +0 pair of gloves (worn)
Jewellery
 q - an amulet of rage (around neck)
 H - an uncursed ring of protection from cold {unknown}
 N - a +2 ring of protection {unknown}
 W - a +4 ring of protection {unknown}
 Z - an uncursed amulet of stasis {unknown}
Wands
 t - a wand of frost (9)
 A - a wand of draining (10)
 B - a wand of flame (11)
 C - a wand of slowing (22)
 D - a wand of frost (14)
 M - a wand of teleportation (3)
 S - a wand of random effects (18)
 U - a wand of magic darts (29)
Scrolls
 d - 9 scrolls of identify
 g - 3 scrolls of enchant weapon {unknown}
 h - 3 scrolls of noise {unknown}
 i - 6 scrolls of teleportation
 l - 6 scrolls of random uselessness
 v - a scroll of amnesia {unknown}
 x - 2 scrolls of fear {unknown}
 y - 7 scrolls of remove curse
 z - 3 scrolls of recharging {unknown}
 J - a scroll of magic mapping
 K - 3 scrolls of fog
 R - a scroll of enchant armour {unknown}
 T - a scroll of immolation {unknown}
 Y - a scroll of vulnerability {unknown}
Potions
 f - a potion of mutation {unknown}
 j - 3 potions of brilliance {unknown}
 n - 2 potions of beneficial mutation {unknown}
 o - 3 potions of flight {unknown}
 p - 4 potions of agility {unknown}
 w - 5 potions of curing {unknown}
 E - 4 potions of resistance {unknown}
 L - a potion of magic {unknown}
 P - 2 potions of poison {unknown}
 X - a potion of heal wounds {unknown}
Books
 m - a book of Conjurations

   Spells                             Type                      Level
   a - Magic Dart                     Conjuration                  1
   b - Searing Ray                    Conjuration                  2
   c - Dazzling Spray                 Conjuration/Hexes            3
   d - Fulminant Prism                Conjuration/Hexes            4
   e - Iskenderun's Mystic Blast      Conjuration                  4
   f - Iskenderun's Battlesphere      Conjuration/Charms           5
   Trog disapproves of the use of such an item.
 O - a book of Air

   Spells                             Type                      Level
   a - Shock                          Conjuration/Air              1
   b - Swiftness                      Charms/Air                   2
   c - Repel Missiles                 Charms/Air                   2
   d - Static Discharge               Conjuration/Air              3
   e - Lightning Bolt                 Conjuration/Air              5
   Trog disapproves of the use of such an item.
Comestibles
 c - a bread ration
 k - 4 meat rations
 F - 21 fruits


   Skills:
 + Level 9.4 Fighting
 + Level 7.6 Axes
 + Level 8.8 Armour
 + Level 6.9 Dodging


You had 9 spell levels left.
You didn't know any spells.

Dungeon Overview and Level Annotations

Branches:
Dungeon (10/15)            Temple (0/1) D:7             Orc (0/4) D:10
   Lair: D:8-11

Altars:
Ashenzari
Cheibriados
Elyvilon
Fedhas
Nemelex Xobeh
Qazlal
Ru
Trog
Vehumet
Yredelemnul
The Shining One

Shops:
D:4 !   D:6 ?


Innate Abilities, Weirdness & Mutations

You are resistant to torment.
Your stone body is resilient (AC +7).
You are immune to poison.
You resist negative energy.
You are resistant to electric shocks.
You can survive without breathing.
You are immune to petrification.
You are immune to rotting.


Message History

You feel yourself moving faster!
You feel mighty!
You feel somewhat less full.
Your skin stops crawling.
You feel less resistant to hostile enchantments.
The large abomination hits you but does no damage.
The small abomination hits you!
* * * LOW HITPOINT WARNING * * *
The large abomination barely misses you.
Your chain mail prevents you from hitting the small abomination.
You hit the large abomination.
The large abomination is lightly damaged.
You hit the large abomination.
The large abomination is lightly damaged.
The small abomination barely misses you.
You slash the large abomination!
The large abomination is moderately damaged.
You hit the large abomination.
The large abomination is lightly damaged.
Your chain mail prevents you from hitting the small abomination.
The large abomination hits you!
You die...

#####(######
+.#...)....#
#.#........#
#.#........#
#.'........#
###........#
#..X......#
######'###..XXX#
#........#.xxx@#
#...xX...#######
#........#
#.X..)...#
##'####### #...
#..x. #..XX#
######


You could see 4 large abominations and 3 small abominations.

Vanquished Creatures
  A wizard (D:10)
  Joseph (D:10)
  The ghost of tetracat the Insei, a novice OpMo (D:5)
  Grinder (D:3)
  Sigmund (D:3)
  Eustachio (D:4)
  A hippogriff (D:8)
  A steam dragon (D:10)
  An orc warrior (D:7)
  A black bear (D:6)
  3 sky beasts
  3 ogres
  A necrophage (D:9)
  2 phantoms
  6 centaurs
  A giant frog (D:9)
  2 scorpions
  13 killer bees
  A quasit (D:7)
  7 crimson imps
  A gnoll shaman (D:5)
  4 orc priests
  4 orc wizards
  Crazy Yiuf (D:5)
  4 centaur skeletons
  A giant frog skeleton (D:6)
  4 hounds
  3 jellies
  4 worker ants
  2 hound zombies
  8 gnolls
  12 adders
  4 shadow imps
  2 worms (D:2)
  6 giant geckos
  24 orcs
  6 giant cockroaches
  11 goblins
  6 hobgoblins
  19 jackals
  6 kobolds
  11 bats
  3 giant newts
  2 gnoll zombies (D:7)
  A jackal skeleton (D:6)
  3 quokkas (D:3)
  A quokka skeleton (D:6)
  6 rats
  4 fungi (D:5)
212 creatures vanquished.

Vanquished Creatures (collateral kills)
  2 small abominations (D:10)
2 creatures vanquished.

Vanquished Creatures (others)
  Psyche (D:10)
1 creature vanquished.

Grand Total: 215 creatures vanquished

Notes
Turn   | Place    | Note
--------------------------------------------------------------
     0 | D:1      | Eucla the Gargoyle Berserker began the quest for the Orb.
     0 | D:1      | Reached XP level 1. HP: 14/14 MP: 1/1
    25 | D:1      | Reached XP level 2. HP: 8/19 MP: 2/2
   289 | D:1      | Reached ** piety under Trog
   289 | D:1      | Reached XP level 3. HP: 21/23 MP: 3/3
   794 | D:2      | Reached XP level 4. HP: 21/29 MP: 4/4
   979 | D:2      | Reached *** piety under Trog
  1065 | D:2      | Found a blossoming altar of Fedhas.
  1074 | D:2      | Found a stormy altar of Qazlal.
  1083 | D:2      | Reached skill level 4 in Fighting
  1194 | D:3      | Reached XP level 5. HP: 22/33 MP: 5/5
  1460 | D:3      | Noticed Grinder
  1474 | D:3      | Killed Grinder
  1474 | D:3      | Reached XP level 6. HP: 40/40 MP: 6/6
  1518 | D:3      | Noticed Sigmund
  1534 | D:3      | Killed Sigmund
  1534 | D:3      | Reached skill level 5 in Fighting
  1534 | D:3      | Reached XP level 7. HP: 44/44 MP: 7/7
  1682 | D:3      | Found a radiant altar of Vehumet.
  1786 | D:4      | Found Oxkera's Distillery.
  2088 | D:4      | Found a snail-covered altar of Cheibriados.
  2119 | D:4      | Noticed Eustachio
  2213 | D:4      | Killed Eustachio
  2263 | D:4      | Reached skill level 5 in Armour
  2291 | D:4      | Found a white marble altar of Elyvilon.
  2622 | D:5      | Entered Level 5 of the Dungeon
  2633 | D:5      | Reached XP level 8. HP: 51/51 MP: 8/8
  2662 | D:5      | Noticed tetracat's ghost (novice OpMo)
  3177 | D:5      | Killed tetracat's ghost
  3177 | D:5      | Reached skill level 6 in Fighting
  3177 | D:5      | Reached skill level 5 in Axes
  3278 | D:5      | Found a glowing golden altar of the Shining One.
  3339 | D:5      | Reached **** piety under Trog
  3396 | D:5      | Found a sparkling altar of Nemelex Xobeh.
  3625 | D:5      | Found a blossoming altar of Fedhas.
  3747 | D:5      | Noticed Crazy Yiuf
  3750 | D:5      | Paralysed by Crazy Yiuf for 4 turns
  3757 | D:5      | Killed Crazy Yiuf
  3871 | D:6      | Reached XP level 9. HP: 32/56 MP: 9/9
  3903 | D:6      | Reached skill level 7 in Fighting
  3903 | D:6      | Reached skill level 5 in Dodging
  3917 | D:6      | Found a shattered altar of Ashenzari.
  4314 | D:6      | Found a bloodstained altar of Trog.
  4351 | D:6      | Found Pyatwo's Magic Scroll Boutique.
  4403 | D:6      | Bought a scroll of teleportation for 42 gold pieces
  4403 | D:6      | Bought a scroll of teleportation for 42 gold pieces
  4403 | D:6      | Bought a scroll of magic mapping for 49 gold pieces
  4403 | D:6      | Bought a scroll of random uselessness for 14 gold pieces
  4403 | D:6      | Bought a scroll of remove curse for 42 gold pieces
  4403 | D:6      | Bought a scroll of fog for 28 gold pieces
  4403 | D:6      | Bought a scroll of identify for 28 gold pieces
  4517 | D:7      | Found a staircase to the Ecumenical Temple.
  5225 | D:7      | Found a basalt altar of Yredelemnul.
  5341 | D:8      | Found a sacrificial altar of Ru.
  5346 | D:8      | Reached skill level 8 in Fighting
  5825 | D:8      | Reached XP level 10. HP: 57/65 MP: 10/10
  5847 | D:8      | Reached ***** piety under Trog
  5913 | D:8      | Got a steaming lajatang
  6858 | D:9      | Found a blossoming altar of Fedhas.
  6872 | D:9      | Reached skill level 9 in Fighting
  6996 | D:10     | Entered Level 10 of the Dungeon
  7018 | D:10     | Found a staircase to the Orcish Mines.
  7079 | D:10     | Noticed Psyche
  7083 | D:10     | Noticed Joseph
  7095 | D:10     | Killed Psyche
  7105 | D:10     | Killed Joseph
  7120 | D:10     | Noticed a wizard
  7120 | D:10     | Paralysed by a wizard for 2 turns
  7152 | D:10     | Killed a wizard
  7156 | D:10     | Noticed a large abomination
  7156 | D:10     | Noticed a large abomination
  7160 | D:10     | Noticed a large abomination
  7185 | D:10     | HP: 4/99 [small abomination (12)]
  7187 | D:10     | Mangled by a large abomination

Action                   |  1- 3 |  4- 6 |  7- 9 | 10-12 || total
-------------------------+-------+-------+-------+-------++-------
Melee: Hand axe          |   120 |   119 |    86 |   189 ||   514
       War axe           |       |    17 |   396 |       ||   413
Invok: Berserk           |       |     3 |     4 |     1 ||     8
       Trog's Hand       |       |     3 |     2 |     1 ||     6
       Brothers in Arms  |       |       |       |     1 ||     1
 Stab: Sleeping          |       |     1 |       |       ||     1
  Eat: Chunk             |       |     3 |    10 |     4 ||    17
       Bread ration      |       |     1 |     1 |       ||     2
       Pizza             |       |       |     1 |       ||     1
       Fruit             |       |       |     1 |     9 ||    10
       Beef jerky        |       |       |       |     1 ||     1
